 Dungeon Crawl Stone Soup version 0.29.1-13-g9f3cf754e1 (webtiles) character file.

Game seed: 18005739264829890925

125 clenchingflame the Shield-Bearer (level 5, -3/33 HPs)
             Began as a Gargoyle Fighter on Jan 22, 2023.
             Was a Follower of the Shining One.
             Killed by divine providence
             ... invoked by an orc priest
              (16 damage)
             ... on level 3 of the Dungeon.
             The game lasted 00:15:06 (3324 turns).

clenchingflame the Shield-Bearer (Gargoyle Fighter) Turns: 3324, Time: 00:15:07

Health: -3/33      AC: 13    Str: 22    XL:     5   Next: 9%
Magic:  5/5        EV: 12    Int:  8    God:    the Shining One [*.....]
Gold:   108        SH: 10    Dex:  9    Spells: 4/4 levels left

rFire   . . .      SeeInvis .   q - staff of poison
rCold   . . .      Faith    .   z - +2 kite shield
rNeg    + . .      Spirit   .   b - +0 scale mail
rPois   ∞          Reflect  .   m - +0 helmet
rElec   +          Harm     .   (no cloak)
rCorr   .          Rampage  .   (no gloves)
Will    .....                   j - +0 pair of boots
Stlth   ..........              (no amulet)
HPRegen 0.11/turn               g - +4 ring of evasion
MPRegen 0.09/turn               (no ring)

@: glowing
A: sickness immunity, AC +4, negative energy resistance 1, electricity
resistance, torment resistance 1, petrification resistance
a: Renounce Religion, Divine Shield


You were on level 3 of the Dungeon.
You worshipped the Shining One.
The Shining One was aware of your devotion.
You visited 1 branch of the dungeon, and saw 3 of its levels.

You collected 108 gold pieces.

Inventory:

Hand Weapons
 a - a +0 flail
 e - a +0 sling
Missiles
 i - 12 stones (quivered)
 l - 3 curare-tipped darts
 n - 4 poisoned darts
Armour
 b - a +0 scale mail (worn)
 j - a +0 pair of boots (worn)
 m - a +0 helmet (worn)
 z - a +2 kite shield (worn)
 A - a +0 plate armour
Magical Staves
 p - a staff of conjuration
 q - a staff of poison (weapon)
Jewellery
 g - a +4 ring of evasion (left hand)
Scrolls
 f - a scroll of noise {unknown}
 r - 2 scrolls of immolation {unknown}
 s - a scroll of silence {unknown}
 t - 2 scrolls of identify {unknown}
 u - 2 scrolls of vulnerability {unknown}
 w - a scroll of enchant armour {unknown}
 y - a scroll of poison {unknown}
Potions
 d - 2 potions of might
 h - a potion of degeneration {unknown}
 k - a potion of heal wounds
 o - a potion of curing {unknown}
 v - a potion of flight {unknown}
 x - a potion of mutation {unknown}


   Skills:
 - Level 4.0 Fighting
 - Level 2.5(3.0) Maces & Flails
 * Level 2.2(2.8) Staves
 - Level 3.4 Armour
 + Level 4.2 Shields
 + Level 0.0 Poison Magic
 - Level 1.0 Evocations


You had 4 spell levels left.
You didn't know any spells.
Your spell library contained the following spells:

 Spells                   Type           Power      Damage    Failure   Level
 Conjure Flame            Conj/Fire      0%         6-21      100%        3
 Ignite Poison            Fire/Tmut/Pois 0%         N/A       100%        3
 Sticky Flame             Conj/Fire      0%         2d3       100%        4
 Summon Ice Beast         Ice/Summ       0%         N/A       100%        4
 Summon Mana Viper        Hex/Summ       0%         N/A       100%        5
 Monstrous Menagerie      Summ           0%         N/A       100%        7


Dungeon Overview and Level Annotations

Branches:
Dungeon (3/15)

Altars:
The Shining One


Innate Abilities, Weirdness & Mutations

You are immune to sickness and miasma.
Your stone body is resilient. (AC +4)
You are immune to poison.
You resist negative energy. (rN+)
You are resistant to electric shocks. (rElec)
You are resistant to unholy torment.
You are immune to petrification.


Message History

The orc priest looks encouraged for a moment.
You hit the orc priest but do no damage.
The orc priest is moderately wounded.
You block the frilled lizard's attack. The orc priest barely misses you.
You completely miss the orc priest.
The orc priest is moderately wounded.
The frilled lizard closely misses you. You block the orc priest's attack.
You hit the orc priest but do no damage.
The orc priest is moderately wounded.
You block the frilled lizard's attack. The orc priest barely misses you.
You hit the orc priest but do no damage.
The orc priest is moderately wounded.
You block the frilled lizard's attack.
The orc priest hits you but does no damage.
You hit the orc priest but do no damage.
The orc priest is moderately wounded.
The frilled lizard bites you but does no damage.
You block the orc priest's attack.
The orc priest hits you but does no damage.
The frilled lizard bites you but does no damage.
You hit the orc priest.
The orc priest is moderately wounded.
The frilled lizard bites you.
The orc priest hits you but does no damage.
You hit the orc priest but do no damage.
The orc priest is moderately wounded.
You block the frilled lizard's attack. The orc priest closely misses you.
You hit the orc priest but do no damage.
The orc priest is moderately wounded.
The frilled lizard closely misses you. The orc priest closely misses you.
You hit the orc priest but do no damage.
The orc priest is moderately wounded.
You block the frilled lizard's attack. The orc priest barely misses you. x2
You block the frilled lizard's attack.
You hit the orc priest but do no damage.
The orc priest is moderately wounded.
You block the frilled lizard's attack.
The orc priest calls down the wrath of Beogh upon you.
Beogh smites you!
You die...

#.. #.# ###......
#.###.### ##.....#.#
#!......# ##.....##.#
#.......###..#.#.##[#
#...........##.#....#
##........#####.#.#..#
#.........# #.#.#..#
.###.#.lo...#### #.#.#..#
.....#..@.....?.##.#.....
..$.........###.##.......
######......# ........
#..(.<.# ........
####...... .......
##.#### ....... ..
....... #.. ....... ...
.......


You could see an orc priest and a frilled lizard.

Vanquished Creatures
  An orc wizard (D:3)
  2 adders (D:3)
  3 worms
  2 dart slugs (D:1)
  3 orcs (D:3)
  3 ball pythons
  6 bats
  5 endoplasms
  5 giant cockroaches
  12 goblins
  3 hobgoblins
  5 jackals
  3 kobolds (D:2)
  2 quokkas
  2 frilled lizards
  3 rats
60 creatures vanquished.

Notes
Turn   | Place    | Note
-------+----------+-------------------------------------------
     0 | D:1      | clenchingflame the Gargoyle Fighter began the quest for the
                  | Orb.
     0 | D:1      | Reached XP level 1. HP: 14/14 MP: 1/1
   204 | D:1      | Reached XP level 2. HP: 19/19 MP: 2/2
   519 | D:1      | Found a faded altar of an unknown god.
   587 | D:1      | Prayed at the altar of an unknown god.
   587 | D:1      | Became a worshipper of the Shining One
   587 | D:1      | Reached * piety under the Shining One
   713 | D:1      | Reached XP level 3. HP: 23/23 MP: 3/3
  1899 | D:2      | Reached skill level 1 in Staves
  2201 | D:2      | Reached XP level 4. HP: 27/29 MP: 4/4
  3045 | D:3      | Reached XP level 5. HP: 33/33 MP: 5/5
  3073 | D:3      | Reached skill level 1 in Evocations
  3324 | D:3      | Killed from afar by an orc priest

Illustrated notes

Levels and vault maps discovered:
D:1:      minmay_arrival_arboretum_small, layout_basic, serial_forest,
          infiniplex_forest_3_way, infiniplex_forest_clump_cross,
          infiniplex_forest_straight_2, infiniplex_forest_clump_tiny,
          infiniplex_forest_clump_double, infiniplex_forest_lined_room_,
          infiniplex_forest_straight_4, infiniplex_forest_pool,
          infiniplex_forest_zigzag_2, chequers_ecumenical_altar_simple,
          minmay_3d_cube
D:2:      kb_forest_paths, layout_loops_ring, nicolae_wormholes
D:3:      layout_rooms

Skill      XL: |  1  2  3  4  5 |
---------------+----------------+-----
Staves         | 1 2 |  2.2
Shields        | 4 |  4.2
Fighting       | 4 |  4.0
Evocations     | 1 |  1.0
Maces & Flails | |  2.5
Armour         | |  3.4

Action                   |  1- 3 |  4- 6 || total
-------------------------+-------+-------++-------
Melee: Flail             |    88 |       ||    88
       Staff             |    74 |   142 ||   216
  Use: Potion            |       |     1 ||     1
Armor: Scale mail        |    99 |    47 ||   146
Dodge: Dodged            |    86 |    89 ||   175
Block: Buckler           |    34 |    31 ||    65
       Kite shield       |       |    16 ||    16
